 Dungeon Crawl Stone Soup version 0.31-a0-188-g5e087ee2ca (webtiles) character file.

Game seed: 5567464765352083551

51 qw the Shooter (level 3, 0/20 HPs)
             Began as a Deep Elf Hunter on June 23, 2023.
             Slain by an adder (3 damage)
             ... on level 2 of the Dungeon.
             The game lasted 00:00:25 (967 turns).

qw the Shooter (Deep Elf Hunter)                     Turns: 967, Time: 00:00:25

Health: 0/20       AC:  5    Str: 14    XL:     3   Next: 57%
Magic:  5/5        EV: 11    Int: 13    God:
Gold:   59         SH:  0    Dex: 20    Spells: 2/2 levels left

rFire   . . .        Y - +0 shortbow
rCold   . . .        (shield currently unavailable)
rNeg    . . .        f - +0 ring mail
rPois   .            (no helmet)
rElec   .            (no cloak)
rCorr   .            (no gloves)
SInv    .            (no boots)
Will    .....        (no amulet)
Stlth   +            d - +6 ring of strength
HPRegen 0.23/turn    (no ring)
MPRegen 0.09/turn

%: no passive effects
@: lethally poisoned (0 -> -4)
A: no striking features
a: no special abilities


You were on level 2 of the Dungeon.
You visited 1 branch of the dungeon, and saw 2 of its levels.

You collected 88 gold pieces.
You spent 29 gold pieces at shops.


   Skills:
 - Level 1.5 Fighting
 + Level 7.1 Ranged Weapons
 - Level 2.4 Dodging
 - Level 1.2 Stealth


You had 2 spell levels left.
You didn't know any spells.
Your spell library was empty.

Inventory:

Hand Weapons
 Y - a +0 shortbow (weapon)
Armour
 f - a +0 ring mail (worn)
Jewellery
 d - a +6 ring of strength (left hand)
Scrolls
 b - a scroll of identify {unknown}
Potions
 a - a potion of mutation {unknown}
 e - a potion of attraction {unknown}
 g - a potion of degeneration {unknown}
 h - a potion of lignification {unknown}

Dungeon Overview and Level Annotations

Branches:
Dungeon (2/15)

Altars:

Shops:
D:1 (*([


Message History

You open the door.
Found a robe.
Enter note:
Enter note:
Enter note:
Enter note:
There is an open door here.
You now have 59 gold pieces (gained 12).
An adder comes into view.
Enter note:
Enter note:
Enter note:
Enter note: You shoot an arrow.
The arrow barely misses the adder.
You shoot an arrow. The arrow barely misses the adder.
The adder bites you.
You are poisoned.
The adder poisons you!
You shoot an arrow. The arrow barely misses the adder.
You feel sick. The adder barely misses you.
You shoot an arrow. The arrow misses the adder.
You feel sick. The adder closely misses you. The adder bites you.
You are more poisoned.
The adder poisons you!
You shoot an arrow. The arrow hits the adder.
The adder is moderately wounded.
You feel sick. The adder bites you.
You are lethally poisoned!
The adder poisons you!
You shoot an arrow. The arrow hits the adder.
The adder is severely wounded.
You feel very sick.
The adder bites you but does no damage. x2
You shoot an arrow. The arrow closely misses the adder.
You feel very sick. The adder closely misses you.
You shoot an arrow. The arrow hits the adder.
The adder is almost dead.
You feel sick. The adder bites you.
You die...

####......# #....#####
........###
#########.........
........##
#......#####......
.........# #......#
#...... .......#.##
####......# #......
..[....#..###....[....#
#....%.
.......##...'....######
#).....
.......######....#
#...... .......# #...@#
#...... .......#
#....S# #######
######## #...#...
#...###... #...# #....
#...# #.###... #...
..##.....### ####
.##.....#.. ......#..


You could see an adder.

Vanquished Creatures
  2 adders (D:2)
  2 worms (D:2)
  A dart slug (D:1)
  3 bats
  2 endoplasms (D:1)
  A goblin (D:2)
  3 hobgoblins
  2 quokkas
  3 ball pythons
  2 frilled lizards
  2 kobolds
  4 rats
27 creatures vanquished.

Notes
Turn   | Place    | Note
-------+----------+-------------------------------------------
     0 | D:1      | qw the Deep Elf Hunter began the quest for the Orb.
     0 | D:1      | Reached XP level 1. HP: 12/12 MP: 3/3
     0 | D:1      | 0 ||| qw: Version: 0.3-a-9-g12657ce
     0 | D:1      | 0 ||| qw: Game counter: 3077
     0 | D:1      | 0 ||| qw: Always use a shield: true
     0 | D:1      | 0 ||| qw: God list: Okawaru
     0 | D:1      | 0 ||| qw: Allow faded altars: false
     0 | D:1      | 0 ||| qw: Do Orc after D:15 true
     0 | D:1      | 0 ||| qw: Do second Lair branch before Depths: true
     0 | D:1      | 0 ||| qw: Lair rune preference: random
     0 | D:1      | 0 ||| qw: Plans: Normal
     0 | D:1      | 0 ||| PLANNING D:1-11
    56 | D:1      | Found Desueschutug's Antique Weapon Shop.
   119 | D:1      | Found Anoiggad's Antique Weapon Shop.
   267 | D:1      | Reached skill level 6 in Ranged Weapons
   267 | D:1      | Reached XP level 2. HP: 16/16 MP: 4/4
   276 | D:1      | Found Lieshruagg's Assorted Antiques.
   279 | D:1      | 279 ||| BUYING scroll labelled EXAOFR JOAZISS (29 gold).
   279 | D:1      | Bought a scroll labelled EXAOFR JOAZISS for 29 gold pieces
   279 | D:1      | 279 ||| SHOPLISTING scroll labelled JOIP IFRYACIGG (29
                  | gold, have 4).
   279 | D:1      | 279 ||| SHOPLISTING scroll labelled KAAMIPPINAI (29 gold,
                  | have 4).
   279 | D:1      | 279 ||| SHOPLISTING shiny ruby ring (145 gold, have 4).
   279 | D:1      | 279 ||| SHOPLISTING viscous emerald potion (26 gold, have
                  | 4).
   410 | D:1      | Found Vadiadghaure's Armour Emporium.
   415 | D:1      | 415 ||| SHOPLISTING +0 pair of boots (63 gold, have 11).
   415 | D:1      | 415 ||| SHOPLISTING +2 robe of resistance (527 gold, have
                  | 11).
   639 | D:1      | 639 ||| UPGRADING to +0 ring mail.
   649 | D:1      | 649 ||| DROPPING +0 leather armour.
   650 | D:1      | 650 ||| UPGRADING to +6 ring of strength.
   651 | D:1      | 651 ||| DROPPING ring of wizardry.
   652 | D:1      | 652 ||| READING scroll labelled MUISHYE NUCZIM.
   653 | D:1      | 653 ||| READING scroll labelled EXAOFR JOAZISS.
   654 | D:1      | 654 ||| READING scroll labelled FIUK BUDWING.
   655 | D:1      | 655 ||| DROPPING scroll of butterflies.
   760 | D:2      | Reached XP level 3. HP: 19/20 MP: 5/5
   825 | D:2      | Reached skill level 7 in Ranged Weapons
   907 | D:2      | Found a faded altar of an unknown god.
   966 | D:2      | HP: 5/20 [poisoned by an adder]
   967 | D:2      | Slain by an adder

Levels and vault maps discovered:
D:1:      onia_arrival_mini_spirals, layout_loops_ring, serial_shops,
          nicolae_lakefront_shop, nicolae_shop_tiny_real_fake_doors,
          nicolae_shop_crystal, nicolae_shop_real_fake_doors
D:2:      layout_basic, hellmonk_ecumenical_altar_pennies_from_heaven

Skill      XL: |  1  2  3 |
---------------+----------+-----
Ranged Weapons | 6 7 |  7.1
Fighting       | |  1.5
Dodging        | |  2.4
Stealth        | |  1.2

Action                     || total
---------------------------++-------
   Fire: Shortbow          ||    99
    Use: Scroll            ||     3
 Armour: Ring mail         ||    13
  Dodge: Dodged            ||    31

Table legend:
 A = Non-vault XP
 B = Vault XP
 C = Vault XP percentage of total XP
 D = Non-vault monster count
 E = Vault monster count
 F = Vault count percentage of total count
                 A         B        C        D         E       F
            +---------+---------+-------+---------+---------+-------
      Total |      73 |       0 |   0.0 |      27 |       0 |   0.0
            +---------+---------+-------+---------+---------+-------
        D:1 |      22 |       0 |   0.0 |      13 |       0 |   0.0
        D:2 |      51 |       0 |   0.0 |      14 |       0 |   0.0
            +---------+---------+-------+---------+---------+-------
